PR
LADUE RAMS @ BETHLEHEM ANGEL KITTIES
06/14/2045
 
TOP OF THE 1ST
Ladue Rams batting - Pitching for Bethlehem Angel Kitties : RHP Li-zhi Lai
Pitching: RHP Li-zhi Lai
Batting: SHB Clancy Dean 0-0: Ball
1-0: Foul Ball, location: 2F
1-1: Ball
2-1: Swinging Strike
2-2: Strikes out swinging
Batting: RHB Anthony Dixon 0-0: Ball
1-0: Called Strike
1-1: Swinging Strike
1-2: Ground out 5-3 (Groundball, 56, EV 90.6 MPH)
Batting: SHB António Marquis 0-0: Foul Ball, location: 2F
0-1: Ball
1-1: Foul Ball, location: 2F
1-2: Ball
2-2: Strikes out swinging
Top of the 1st over - 0 runs, 0 hits, 0 errors, 0 left on base; Ladue 0 - Bethlehem 0
BOTTOM OF THE 1ST
Bethlehem Angel Kitties batting - Pitching for Ladue Rams : RHP Gerardo Justisia
Pitching: RHP Gerardo Justisia
Batting: SHB Abdoulaye Shaik 0-0: Ball
1-0: Called Strike
1-1: Called Strike
1-2: SINGLE (Line Drive, 78M, EV 106.2 MPH)
Batting: LHB David Wright 0-0: Called Strike
0-1: Swinging Strike
0-2: Ball
1-2: Fielders Choice at 2nd, 3-6 (Groundball, 34, EV 87.5 MPH)
Batting: RHB Ming-an Szema 0-0: Ball
David Wright steals 2nd base
1-0: Ground out 5-3 (Groundball, 5, EV 86.9 MPH)
Batting: RHB Armondo Platina 0-0: Called Strike
0-1: Swinging Strike
0-2: Ball
1-2: Foul Ball, location: 2F
1-2: Ball
2-2: Strikes out swinging
Bottom of the 1st over - 0 runs, 1 hit, 0 errors, 1 left on base; Ladue 0 - Bethlehem 0
TOP OF THE 2ND
Ladue Rams batting - Pitching for Bethlehem Angel Kitties : RHP Li-zhi Lai
Batting: LHB Brenden Went 0-0: Ball
1-0: Ball
2-0: Called Strike
2-1: Ball
3-1: Called Strike
3-2: Strikes out swinging
Batting: RHB Marco Greenough 0-0: Called Strike
0-1: Swinging Strike
0-2: Strikes out looking
Batting: RHB Kato Mwaka 0-0: Ball
1-0: Called Strike
1-1: Ball
2-1: Swinging Strike
2-2: Strikes out swinging
Top of the 2nd over - 0 runs, 0 hits, 0 errors, 0 left on base; Ladue 0 - Bethlehem 0
BOTTOM OF THE 2ND
Bethlehem Angel Kitties batting - Pitching for Ladue Rams : RHP Gerardo Justisia
Batting: SHB John Hurt 0-0: Ground out U3 (Groundball, 34S, EV 83.8 MPH)
Batting: RHB Raúl Miranda 0-0: Called Strike
0-1: Foul Ball, location: 2F
0-2: Strikes out swinging
Batting: RHB Juan Oreta 0-0: Called Strike
0-1: Fly out, F8 (Flyball, 78M, EV 94.4 MPH)
Bottom of the 2nd over - 0 runs, 0 hits, 0 errors, 0 left on base; Ladue 0 - Bethlehem 0
TOP OF THE 3RD
Ladue Rams batting - Pitching for Bethlehem Angel Kitties : RHP Li-zhi Lai
Batting: RHB Abraham Waddle 0-0: Ball
1-0: Ball
2-0: Foul Ball, location: 2F
2-1: Foul Ball, location: 2F
2-2: Foul Ball, location: 2F
2-2: Strikes out swinging
Batting: RHB Ids Ruttman 0-0: Swinging Strike
0-1: Ground out 6-3 (Groundball, 6, EV 81.9 MPH)
Batting: LHB Clifton Chandler 0-0: SINGLE (Line Drive, 78M, EV 106.2 MPH)
Batting: SHB Clancy Dean 0-0: Called Strike
0-1: Ball
1-1: SINGLE (Line Drive, 8RS, EV 89.4 MPH)
Clifton Chandler to second
Batting: RHB Anthony Dixon 0-0: Ball
1-0: Fly out, F8 (Flyball, 8LD, EV 96.9 MPH)
Top of the 3rd over - 0 runs, 2 hits, 0 errors, 2 left on base; Ladue 0 - Bethlehem 0
BOTTOM OF THE 3RD
Bethlehem Angel Kitties batting - Pitching for Ladue Rams : RHP Gerardo Justisia
Batting: SHB Elton Olivant 0-0: Ball
1-0: Called Strike
1-1: Called Strike
1-2: Strikes out looking
Batting: RHB Mike Lee 0-0: Called Strike
0-1: Ball
1-1: Ball
2-1: Swinging Strike
2-2: Ball
3-2: Strikes out swinging
Batting: SHB Abdoulaye Shaik 0-0: Foul Ball, location: 2F
0-1: Ball
1-1: Ball
2-1: Fly out, F8 (Flyball, 8RXD, EV 93.1 MPH)
Bottom of the 3rd over - 0 runs, 0 hits, 0 errors, 0 left on base; Ladue 0 - Bethlehem 0
TOP OF THE 4TH
Ladue Rams batting - Pitching for Bethlehem Angel Kitties : RHP Li-zhi Lai
Batting: SHB António Marquis 0-0: Fly out, F7 (Flyball, 7LS, EV 90.6 MPH)
Batting: LHB Brenden Went 0-0: Ground out 1-3 (Groundball, 13, EV 63.8 MPH)
Batting: RHB Marco Greenough 0-0: Called Strike
0-1: Ball
1-1: Ball
2-1: Ball
3-1: Called Strike
3-2: Strikes out swinging
Top of the 4th over - 0 runs, 0 hits, 0 errors, 0 left on base; Ladue 0 - Bethlehem 0
BOTTOM OF THE 4TH
Bethlehem Angel Kitties batting - Pitching for Ladue Rams : RHP Gerardo Justisia
Batting: LHB David Wright 0-0: Called Strike
0-1: Foul Ball, location: 2F
0-2: Strikes out swinging
Batting: RHB Ming-an Szema 0-0: Called Strike
0-1: Ball
1-1: Foul Ball, location: 2F
1-2: Ball
2-2: Foul Ball, location: 2F
2-2: Ball
3-2: SINGLE (Line Drive, 9S, EV 106.9 MPH)
Batting: RHB Armondo Platina 0-0: Called Strike
0-1: Ball
1-1: Fielders Choice at 2nd, 4-6 (Groundball, 34, EV 106.2 MPH)
Batting: SHB John Hurt 0-0: Called Strike
0-1: Ball
1-1: Called Strike
1-2: Ground out 4-3 (Groundball, 34, EV 88.1 MPH)
Bottom of the 4th over - 0 runs, 1 hit, 0 errors, 1 left on base; Ladue 0 - Bethlehem 0
TOP OF THE 5TH
Ladue Rams batting - Pitching for Bethlehem Angel Kitties : RHP Li-zhi Lai
Batting: RHB Kato Mwaka 0-0: Ball
1-0: Foul Ball, location: 2F
1-1: Ball
2-1: Swinging Strike
2-2: Ball
3-2: Strikes out swinging
Batting: RHB Abraham Waddle 0-0: Foul Ball, location: 2F
0-1: Ground out 6-3 (Groundball, 6, EV 76.2 MPH)
Batting: RHB Ids Ruttman 0-0: Fly out, F8 (Flyball, 8RM, EV 76.9 MPH)
Top of the 5th over - 0 runs, 0 hits, 0 errors, 0 left on base; Ladue 0 - Bethlehem 0
BOTTOM OF THE 5TH
Bethlehem Angel Kitties batting - Pitching for Ladue Rams : RHP Gerardo Justisia
Batting: RHB Raúl Miranda 0-0: Fly out, F4 (Flyball, 4D, EV 86.2 MPH)
Batting: RHB Juan Oreta 0-0: Called Strike
0-1: Ball
1-1: Foul Ball, location: 2F
1-2: Ball
2-2: SINGLE (Groundball, 56S, EV 75.0 MPH) (infield hit)
Batting: SHB Elton Olivant 0-0: Ball
1-0: Called Strike
1-1: Ball
2-1: Called Strike
2-2: Strikes out swinging
Batting: RHB Mike Lee 0-0: Ball
1-0: Swinging Strike
1-1: Called Strike
1-2: Strikes out swinging
Bottom of the 5th over - 0 runs, 1 hit, 0 errors, 1 left on base; Ladue 0 - Bethlehem 0
TOP OF THE 6TH
Ladue Rams batting - Pitching for Bethlehem Angel Kitties : RHP Li-zhi Lai
Batting: LHB Clifton Chandler 0-0: Ball
1-0: Foul Ball, location: 2F
1-1: Swinging Strike
1-2: Strikes out swinging
Batting: SHB Clancy Dean 0-0: Foul Ball, location: 2F
0-1: Foul Ball, location: 2F
0-2: Strikes out swinging
Batting: RHB Anthony Dixon 0-0: Called Strike
0-1: Ball
1-1: SINGLE (Groundball, 6MD, EV 97.5 MPH)
Batting: SHB António Marquis 0-0: Ball
1-0: Swinging Strike
1-1: Ball
2-1: Foul Ball, location: 2F
2-2: Ball
3-2: Foul Ball, location: 2F
3-2: Fly out, F8 (Flyball, 8LS, EV 85.0 MPH)
Top of the 6th over - 0 runs, 1 hit, 0 errors, 1 left on base; Ladue 0 - Bethlehem 0
BOTTOM OF THE 6TH
Bethlehem Angel Kitties batting - Pitching for Ladue Rams : RHP Gerardo Justisia
Batting: SHB Abdoulaye Shaik 0-0: Foul Ball, location: 2F
0-1: Ground out U3 (Groundball, 3, EV 92.5 MPH)
Batting: LHB David Wright 0-0: Called Strike
0-1: Swinging Strike
0-2: Ball
1-2: Strikes out swinging
Batting: RHB Ming-an Szema 0-0: Ball
1-0: Ball
2-0: Called Strike
2-1: Swinging Strike
2-2: Ground out 1-3 (Groundball, 13, EV 76.9 MPH)
Bottom of the 6th over - 0 runs, 0 hits, 0 errors, 0 left on base; Ladue 0 - Bethlehem 0
TOP OF THE 7TH
Ladue Rams batting - Pitching for Bethlehem Angel Kitties : RHP Li-zhi Lai
Batting: LHB Brenden Went 0-0: Swinging Strike
0-1: Foul Ball, location: 2F
0-2: Strikes out swinging
Batting: RHB Marco Greenough 0-0: Ball
1-0: Fly out, F3 (Popup, 3F, EV 63.1 MPH)
Batting: RHB Kato Mwaka 0-0: Ball
1-0: Swinging Strike
1-1: Ground out U3 (Groundball, 3, EV 106.9 MPH)
Top of the 7th over - 0 runs, 0 hits, 0 errors, 0 left on base; Ladue 0 - Bethlehem 0
BOTTOM OF THE 7TH
Bethlehem Angel Kitties batting - Pitching for Ladue Rams : RHP Gerardo Justisia
Batting: RHB Armondo Platina 0-0: Ball
1-0: Called Strike
1-1: Swinging Strike
1-2: Ball
2-2: Fly out, F9 (Flyball, 9LM, EV 83.8 MPH)
Batting: SHB John Hurt 0-0: Ball
1-0: Ball
2-0: Called Strike
2-1: Ball
3-1: Foul Ball, location: 2F
3-2: Foul Ball, location: 2F
3-2: Base on Balls
Batting: RHB Raúl Miranda 0-0: Ball
John Hurt steals 2nd base
1-0: Ball
2-0: Ball
3-0: Called Strike
3-1: Base on Balls
Batting: RHB Juan Oreta 0-0: Ball
1-0: Called Strike
1-1: Hit by Pitch
John Hurt to third
Raúl Miranda to second
Batting: SHB Elton Olivant 0-0: Ball
1-0: Fly out, F7 (Line Drive, 7, EV 100.6 MPH)
Pitching: RHP Baltwin Bartels
Batting: RHB Mike Lee 0-0: Swinging Strike
0-1: Swinging Strike
0-2: Ball
1-2: Foul Ball, location: 2F
1-2: Strikes out swinging
Bottom of the 7th over - 0 runs, 0 hits, 0 errors, 3 left on base; Ladue 0 - Bethlehem 0
TOP OF THE 8TH
Ladue Rams batting - Pitching for Bethlehem Angel Kitties : RHP Li-zhi Lai
Batting: RHB Abraham Waddle 0-0: Hit by Pitch
Batting: RHB Ids Ruttman 0-0: Ball
1-0: Ball
2-0: Called Strike
2-1: Ball
3-1: Base on Balls
Abraham Waddle to second
Batting: LHB Clifton Chandler 0-0: Ball
1-0: Ball
2-0: Called Strike
2-1: Ball
3-1: Fly out, F7 (Flyball, 7LM, EV 99.4 MPH)
Pitching: LHP Carl Rogers
Batting: SHB Clancy Dean 0-0: Ball
1-0: Called Strike
1-1: Foul Ball, location: 2F
1-2: Foul Ball, location: 2F
1-2: Ball
2-2: Strikes out swinging
Batting: RHB Anthony Dixon 0-0: Ball
1-0: Called Strike
1-1: Foul Ball, location: 2F
1-2: Ground out 3-1 (Groundball, 34, EV 108.8 MPH)
Top of the 8th over - 0 runs, 0 hits, 0 errors, 2 left on base; Ladue 0 - Bethlehem 0
BOTTOM OF THE 8TH
Bethlehem Angel Kitties batting - Pitching for Ladue Rams : RHP Baltwin Bartels
Batting: SHB Abdoulaye Shaik 0-0: Fly out, F5 (Popup, 25F, EV 78.8 MPH)
Batting: LHB David Wright 0-0: Ball
1-0: Swinging Strike
1-1: Foul Ball, location: 2F
1-2: Ball
2-2: Ball
3-2: Base on Balls
Batting: RHB Ming-an Szema 0-0: SINGLE (Groundball, 6MD, EV 100.0 MPH)
David Wright to second
Batting: RHB Armondo Platina 0-0: Called Strike
0-1: Foul Ball, location: 2F
0-2: Ball
1-2: Ball
2-2: Strikes out swinging
Batting: SHB John Hurt 0-0: SINGLE (Groundball, 34D, EV 102.5 MPH)
David Wright to third
Ming-an Szema to second
Batting: RHB Raúl Miranda 0-0: Ball
1-0: Fly out, F7 (Flyball, 7D, EV 99.4 MPH)
Bottom of the 8th over - 0 runs, 2 hits, 0 errors, 3 left on base; Ladue 0 - Bethlehem 0
TOP OF THE 9TH
Ladue Rams batting - Pitching for Bethlehem Angel Kitties : LHP Carl Rogers
Pitching: RHP Rodger Asmus
Batting: SHB António Marquis 0-0: Ball
1-0: Swinging Strike
1-1: Foul Ball, location: 2F
1-2: Ball
2-2: Ball
3-2: Fly out, F5 (Popup, 25F, EV 91.2 MPH)
Batting: LHB Brenden Went 0-0: Foul Ball, location: 2F
0-1: Ground out 5-3 (Groundball, 56S, EV 73.1 MPH)
Batting: RHB Marco Greenough 0-0: Ball
1-0: Ball
2-0: SOLO HOME RUN (Flyball, 7LD, EV 94.4 MPH), Distance : 349 ft
Batting: RHB Kato Mwaka 0-0: SINGLE (Line Drive, 9S, EV 88.8 MPH)
Batting: RHB Abraham Waddle 0-0: Called Strike
0-1: Foul Ball, location: 2F
0-2: Ball
1-2: Ball
2-2: Strikes out looking
Top of the 9th over - 1 run, 2 hits, 0 errors, 1 left on base; Ladue 1 - Bethlehem 0
BOTTOM OF THE 9TH
Bethlehem Angel Kitties batting - Pitching for Ladue Rams : RHP Baltwin Bartels
Pitching: RHP Mal Edwards
Now at 1B: Colm Alker
Batting: RHB Juan Oreta 0-0: Ball
1-0: Called Strike
1-1: Foul Ball, location: 2F
1-2: Strikes out swinging
Batting: SHB Elton Olivant 0-0: Ground out 4-3 (Groundball, 34, EV 103.1 MPH)
Pinch Hitting: LHB William Shepard 0-0: Called Strike
0-1: Ground out U3 (Groundball, 3, EV 76.2 MPH)
Bottom of the 9th over - 0 runs, 0 hits, 0 errors, 0 left on base; Ladue 1 - Bethlehem 0
Wednesday, July 27th , 2022 - OOTP Baseball 22.12 Build 89